 Dungeon Crawl Stone Soup version 0.31-a0-234-gad7ace16ef (webtiles) character file.

Game seed: 13124904655568312051

33182 qw the Marksgargoyle (level 13, 0/86 HPs)
             Began as a Gargoyle Hexslinger on July 9, 2023.
             Was a High Priest of Okawaru.
             Slain by a black mamba (11 damage)
             ... on level 5 of the Lair of Beasts.
             The game lasted 00:06:12 (10882 turns).

qw the Marksgargoyle (Gargoyle Hexslinger)         Turns: 10882, Time: 00:06:13

Health: 0/86       AC: 24    Str: 19    XL:     13   Next: 69%
Magic:  17/20      EV: 18    Int: 16    God:    Okawaru [*****.]
Gold:   838        SH:  0    Dex: 18    Spells: 13/14 levels left

rFire   . . .        q - +3 orcbow (flame)
rCold   . . .        (shield currently unavailable)
rNeg    + . .        v - +0 troll leather armour
rPois   inf          a - +0 helmet
rElec   +            (no cloak)
rCorr   .            c - +0 pair of gloves
SInv    +            o - +0 pair of boots
Will    .....        d - amulet of faith
Stlth   +++          i - ring of see invisible
HPRegen 1.94/turn    r - ring of Ru's Reproof {Contam AC+4 Str+5 Int+3 Dex+2}
MPRegen 0.17/turn

%: faith
@: about to teleport, heroic, finesse-ful
A: sickness immunity, AC +9, negative energy resistance 1, electricity
resistance, torment resistance 1, petrification resistance, regeneration 1
a: Renounce Religion, Heroism, Finesse, Duel


You were on level 5 of the Lair of Beasts.
You worshipped Okawaru.
Okawaru was extremely pleased with you.
You visited 2 branches of the dungeon, and saw 15 of its levels.
You also visited: Sewer.

You collected 838 gold pieces.


Innate Abilities, Weirdness & Mutations

You are immune to sickness and miasma.
Your stone body is resilient. (AC +9)
You are immune to poison.
You resist negative energy. (rN+)
You are resistant to electric shocks. (rElec)
You are resistant to unholy torment.
You are immune to petrification.
Your natural rate of healing is unusually fast.


   Skills:
 - Level 12.0(17.0) Fighting
 - Level 16.0(21.0) Ranged Weapons
 + Level 5.8(10.8) Armour
 - Level 6.0(11.0) Dodging
 - Level 1.0 Spellcasting
 - Level 2.6 Hexes
 - Level 10.0 Invocations


You had 13 spell levels left.
You knew the following spells:

 Your Spells              Type           Power      Damage    Failure   Level
a - Slow                  Hex            36%        N/A       9%          1

Your spell library contained the following spells:

 Spells                   Type           Power      Damage    Failure   Level
 Inner Flame              Hex/Fire       5%         N/A       41%         3
 Portal Projectile        Hex/Tloc       10%        N/A       41%         3
 Cause Fear               Hex            4%         N/A       65%         4

Inventory:

Hand Weapons
 q - a +3 orcbow of flaming (weapon)
Armour
 a - a +0 helmet (worn)
 c - a +0 pair of gloves (worn)
 o - a +0 pair of boots (worn)
 v - a +0 troll leather armour (worn)
Jewellery
 d - an amulet of faith (around neck)
 e - a ring of protection from fire
 i - a ring of see invisible (left hand)
 l - a +4 ring of protection
 r - the ring of Ru's Reproof (right hand) {Contam AC+4 Str+5 Int+3 Dex+2}
   (You acquired it on level 7 of the Dungeon)

   [ring of protection]

   AC:        It affects your AC (+4).
   Str:       It affects your strength (+5).
   Int:       It affects your intelligence (+3).
   Dex:       It affects your dexterity (+2).
   Contam:    It causes magical contamination when unequipped.
Scrolls
 j - 2 scrolls of identify
 n - 8 scrolls of teleportation
Potions
 b - 2 potions of enlightenment
 f - 4 potions of might
 g - 4 potions of curing
 h - 2 potions of mutation
 k - 3 potions of heal wounds
 m - a potion of resistance
 p - 2 potions of magic
 t - 3 potions of haste

Dungeon Overview and Level Annotations

Branches:
Dungeon (10/15)            Temple (0/1) D:4            Lair (4/5) D:10
 Shoals (0/4) Lair:2        Snake (0/4) Lair:3        Sewer (visited)
  Slime: Lair:4-5       Orc: D:9-12

Altars:
Dithmenos
Gozag
Hepliaklqana
Kikubaaqudgha
Makhleb
Okawaru

Shops:
D:1 [

Annotations:
D:2 1 runed translucent door, Crazy Yiuf
D:3 1 runed translucent door, qw's ghost, weakling MiHs
D:5 1 runed translucent door, qw's ghost, novice GrHs


Message History

The yak closely misses you. The yak misses you.
The lindwurm bites you but does no damage.
The lindwurm closely misses you. The lindwurm barely misses you.
The hell rat completely misses you.
You shoot an arrow. The arrow hits the lindwurm!
The arrow burns the lindwurm.
The lindwurm is almost dead.
The black mamba barely misses you.
The water moccasin completely misses you.
The hell rat completely misses you.
You shoot an arrow. The arrow barely misses the lindwurm.
The arrow hits the hell rat!
The arrow burns the hell rat.
The hell rat is severely wounded.
The hell rat completely misses you. The black mamba barely misses you.
The hell rat barely misses you.
You shoot an arrow. The arrow hits the lindwurm.
The arrow burns the lindwurm.
The lindwurm is almost dead.
The yak gores you! The yak misses you. The lindwurm bites you!
The lindwurm completely misses you. x2; The water moccasin misses you.
You shoot an arrow. The arrow hits the lindwurm.
The arrow burns the lindwurm.
The lindwurm is almost dead.
The black mamba closely misses you. The hell rat closely misses you.
You shoot an arrow.
The arrow completely misses the lindwurm.
The arrow hits the hell rat!
The arrow burns the hell rat.
You kill the hell rat!
Okawaru accepts your kill. The hell rat completely misses you.
The water moccasin barely misses you. The black mamba misses you.
You shoot an arrow.
The arrow hits the lindwurm but does no damage.
The lindwurm is almost dead.
The yak barely misses you. The yak completely misses you.
The lindwurm bites you! The lindwurm misses you.
The lindwurm barely misses you. The hell rat barely misses you.
10882 ||| READING 9 scrolls of teleportation.
As you read the scroll of teleportation, it crumbles to dust.
You feel strangely unstable. The black mamba bites you!
The water moccasin closely misses you. The hell rat misses you.
The black mamba bites you!
You die...

.?......... .
P......... ..
........~~ ...
##.....~~~~
.[..#......~~~~
......SS...~~~~
.....FYSr..~~~.
.....YB@kr~~~~~
#....rSrY.~~~~~
......YY...~~~~
...........~~~~
..#.........~~~
..P...........?
...............
...............


You could see a boulder beetle, an elephant, a lindwurm, a black mamba, 4 yaks,
a cane toad, 3 water moccasins and 4 hell rats.

Vanquished Creatures
  3 hydras
  A boulder beetle (D:8)
  3 two-headed ogres
  2 skysharks
  A deep elf pyromancer (D:8)
  A salamander (Lair:3)
  An ugly thing (D:8)
  2 elephants (Lair:5)
  7 black mambas
  A gargoyle (D:10)
  9 cane toads
  5 rime drakes
  7 komodo dragons
  An efreet (D:10)
  A polar bear (Lair:3)
  A troll (D:10)
  A hornet (D:8)
  19 blink frogs
  2 wraiths
  A vampire (D:10)
  A shadow (D:7)
  32 yaks
  3 wyverns
  6 vampire mosquitoes
  4 basilisks
  13 water moccasins
  2 ice beasts
  A sky beast (D:7)
  2 black bears
  2 ogres (D:5)
  6 wolves
  4 centaurs
  3 phantoms
  4 kobold brigands
  2 gnoll sergeants
  3 scorpions
  15 bullfrogs
  4 wights (D:8)
  5 killer bees (D:8)
  13 howler monkeys
  4 lava snakes (Lair:3)
  3 hounds
  A jelly (D:5)
  3 orc priests
  A gnoll bouda (D:9)
  4 sleepcaps
  A hell rat (Lair:5)
  Natasha (D:2)
  5 iguanas
  6 orc wizards
  Robin (D:1)
  20 gnolls
  19 adders
  A river rat (D:3)
  2 shadow imps
  2 white imps
  2 ufetubi
  A worm (D:4)
  A dart slug (D:5)
  19 orcs
  8 ball pythons
  4 bats
  5 endoplasms
  12 giant cockroaches
  15 goblins
  12 hobgoblins
  4 jackals (D:5)
  14 kobolds
  5 quokkas
  15 frilled lizards
  3 rats (D:3)
388 creatures vanquished.

Notes
Turn   | Place    | Note
-------+----------+-------------------------------------------
     0 | D:1      | qw the Gargoyle Hexslinger began the quest for the Orb.
     0 | D:1      | Reached XP level 1. HP: 12/12 MP: 2/2
     0 | D:1      | 0 ||| qw: Version: 0.3-a-51-g015441d
     0 | D:1      | 0 ||| qw: Game counter: 4162
     0 | D:1      | 0 ||| qw: Melee chars always use a shield: true
     0 | D:1      | 0 ||| qw: God list: Okawaru
     0 | D:1      | 0 ||| qw: Allow faded altars: false
     0 | D:1      | 0 ||| qw: Do Orc after clearing Dungeon:15 true
     0 | D:1      | 0 ||| qw: Do second Lair branch before Depths: true
     0 | D:1      | 0 ||| qw: Lair rune preference: random
     0 | D:1      | 0 ||| qw: Goals: Normal
     0 | D:1      | 0 ||| PLANNING D:1-11
   206 | D:1      | Found Qamodaf's Antique Armour Shop.
   209 | D:1      | Reached XP level 2. HP: 16/16 MP: 3/3
   237 | D:1      | 237 ||| SHOPLISTING cloak (135 gold, have 55).
   237 | D:1      | 237 ||| SHOPLISTING leather armour (60 gold, have 55).
   237 | D:1      | 237 ||| SHOPLISTING shiny ring mail (210 gold, have 55).
   290 | D:1      | Reached skill level 3 in Ranged Weapons
   306 | D:1      | 306 ||| FLEEEEING.
   307 | D:1      | 307 ||| FLEEEEING.
   308 | D:1      | 308 ||| FLEEEEING.
   457 | D:1      | 457 ||| READING scroll labelled VOVE REXIO.
   458 | D:1      | 458 ||| READING scroll labelled ESIVUA BEIHAV.
   459 | D:1      | 459 ||| READING scroll labelled LIF QIAL LOSY.
   464 | D:1      | 464 ||| DROPPING scroll of poison.
   498 | D:2      | Noticed Robin
   499 | D:2      | 499 ||| STAIRDANCE
   502 | D:1      | Reached XP level 3. HP: 17/21 MP: 4/4
   532 | D:2      | 532 ||| STAIRDANCE
   537 | D:1      | HP: 5/21 [goblin/+0 club[Robin] (6)]
   612 | D:2      | 612 ||| STAIRDANCE
   630 | D:2      | 630 ||| STAIRDANCE
   636 | D:1      | Killed Robin
   706 | D:1      | 706 ||| UPGRADING to +0 helmet.
   711 | D:1      | 711 ||| DRINKING 2 green potions.
   716 | D:2      | 716 ||| STAIRDANCE
   741 | D:2      | 741 ||| STAIRDANCE
   767 | D:2      | 767 ||| SWAPPING to +2 sling of draining.
   768 | D:2      | 768 ||| DROPPING +2 sling.
   878 | D:2      | Reached XP level 4. HP: 25/26 MP: 5/5
  1056 | D:2      | Reached skill level 4 in Ranged Weapons
  1064 | D:2      | Noticed Natasha
  1072 | D:2      | Killed Natasha
  1233 | D:2      | Reached XP level 5. HP: 25/30 MP: 6/6
  1233 | D:2      | 1233 ||| FLEEEEING.
  1234 | D:2      | 1234 ||| FLEEEEING.
  1235 | D:2      | 1235 ||| FLEEEEING.
  1237 | D:2      | 1237 ||| FLEEEEING.
  1238 | D:2      | 1238 ||| FLEEEEING.
  1239 | D:2      | 1239 ||| FLEEEEING.
  1240 | D:2      | 1240 ||| FLEEEEING.
  1241 | D:2      | 1241 ||| FLEEEEING.
  1242 | D:2      | 1242 ||| FLEEEEING.
  1243 | D:2      | 1243 ||| FLEEEEING.
  1244 | D:2      | 1244 ||| FLEEEEING.
  1265 | D:2      | Reached skill level 5 in Ranged Weapons
  1288 | D:2      | Found a runed translucent door.
  1289 | D:2      | Noticed Crazy Yiuf
  1433 | D:2      | 1433 ||| UPGRADING to +0 ring mail.
  1443 | D:2      | 1443 ||| DROPPING +0 robe.
  1444 | D:2      | 1444 ||| READING scroll labelled FAAMIUVOIG.
  1445 | D:2      | 1445 ||| READING scroll labelled JELIUPL QEHYRR.
  1446 | D:2      | 1446 ||| DRINKING 2 cyan potions.
  1446 | D:2      | Gained mutation: Your natural rate of healing is unusually
                  | fast. [potion of mutation]
  1447 | D:2      | 1447 ||| READING 2 scrolls of identify.
  1447 | D:2      | 1447 ||| IDENTIFYING orange potion
  1448 | D:2      | 1448 ||| DROPPING potion of brilliance.
  1496 | D:3      | Noticed an ice beast
  1497 | D:3      | 1497 ||| PLANNING SEWER
  1504 | D:3      | 1504 ||| STAIRDANCE
  1511 | D:2      | Killed an ice beast
  1512 | D:2      | Reached skill level 3 in Armour
  1512 | D:2      | Reached XP level 6. HP: 24/35 MP: 7/7
  1634 | D:3      | Found an iron altar of Okawaru.
  1659 | D:3      | Found an opulent altar of Gozag.
  1717 | D:3      | Reached skill level 3 in Fighting
  1741 | D:3      | Found a glowing drain.
  1743 | D:3      | 1743 ||| UPGRADING to amulet of faith.
  1748 | D:3      | 1748 ||| UPGRADING to ring of protection from cold.
  1749 | D:3      | 1749 ||| READING scroll labelled CYIMAUPTOO.
  1750 | D:3      | 1750 ||| DRINKING 2 viscous clear potions.
  1776 | Sewer    | Entered a sewer
  1796 | Sewer    | 1796 ||| Stepping ~*~*~tactically~*~*~ (water).
  1894 | Sewer    | 1894 ||| Stepping ~*~*~tactically~*~*~ (water).
  1902 | Sewer    | 1902 ||| Stepping ~*~*~tactically~*~*~ (water).
  1969 | Sewer    | 1969 ||| Stepping ~*~*~tactically~*~*~ (water).
  1975 | Sewer    | Reached skill level 6 in Ranged Weapons
  1975 | Sewer    | Reached XP level 7. HP: 41/41 MP: 8/8
  2205 | Sewer    | 2205 ||| READING 2 scrolls labelled BUASOATSITIA.
  2206 | Sewer    | 2206 ||| DROPPING scroll of revelation.
  2226 | D:3      | 2226 ||| PLANNING OKAWARU WORSHIP
  2255 | D:3      | Became a worshipper of Warmaster Okawaru
  2256 | D:3      | 2256 ||| PLANNING D:1-11
  2360 | D:3      | Found a runed translucent door.
  2360 | D:3      | Noticed qw's ghost (weakling MiHs)
  2513 | D:4      | Reached skill level 7 in Ranged Weapons
  2515 | D:4      | Reached * piety under Okawaru
  2591 | D:4      | Found a staircase to the Ecumenical Temple.
  2601 | D:4      | 2601 ||| INVOKING Heroism.
  2612 | D:4      | Reached XP level 8. HP: 36/48 MP: 7/9
  2616 | D:4      | 2616 ||| INVOKING Heroism.
  2652 | D:4      | Found a shadowy altar of Dithmenos.
  2706 | D:4      | Reached skill level 1 in Invocations
  2756 | D:4      | Found an ancient bone altar of Kikubaaqudgha.
  2933 | D:4      | 2933 ||| UPGRADING to +1 robe of willpower.
  2943 | D:4      | 2943 ||| DRINKING 2 metallic silvery potions.
  2944 | D:4      | 2944 ||| READING 2 scrolls of identify.
  2944 | D:4      | 2944 ||| IDENTIFYING bubbling inky potion
  2945 | D:4      | 2945 ||| DROPPING potion of berserk rage.
  2977 | D:5      | Entered Level 5 of the Dungeon
  2995 | D:5      | Reached skill level 8 in Ranged Weapons
  3167 | D:5      | 3167 ||| INVOKING Heroism.
  3168 | D:5      | 3168 ||| INVOKING Heroism.
  3225 | D:5      | Found a runed translucent door.
  3226 | D:5      | Noticed qw's ghost (novice GrHs)
  3259 | D:5      | 3259 ||| INVOKING Heroism.
  3266 | D:5      | Reached skill level 3 in Invocations
  3364 | D:5      | Reached ** piety under Okawaru
  3678 | D:5      | 3678 ||| INVOKING Heroism.
  3710 | D:5      | 3710 ||| UPGRADING to +0 pair of gloves.
  3715 | D:5      | 3715 ||| UPGRADING to +0 pair of boots.
  3720 | D:5      | 3720 ||| READING scroll labelled QALYCS HAJOENWOQ.
  3721 | D:5      | 3721 ||| READING 3 scrolls labelled ZUIBLY WAIRUP.
  3822 | D:5      | 3822 ||| READING scroll labelled HIJOUS ZOEMINYE.
  3823 | D:5      | 3823 ||| DRINKING 3 fizzy pink potions.
  3824 | D:5      | 3824 ||| READING 3 scrolls of identify.
  3824 | D:5      | 3824 ||| IDENTIFYING dark potion
  3825 | D:5      | 3825 ||| READING 2 scrolls of identify.
  3825 | D:5      | 3825 ||| IDENTIFYING pink potion
  3826 | D:5      | 3826 ||| DROPPING potion of degeneration.
  3827 | D:5      | 3827 ||| DROPPING 2 scrolls of silence.
  4085 | D:6      | Reached XP level 9. HP: 54/54 MP: 12/12
  4123 | D:6      | 4123 ||| Stepping ~*~*~tactically~*~*~ (outnumbered).
  4128 | D:6      | Reached skill level 9 in Ranged Weapons
  4380 | D:6      | Reached skill level 6 in Fighting
  4459 | D:6      | 4459 ||| READING scroll labelled LOHATHR TILUSOSH.
  4459 | D:6      | Identified a scroll of acquirement
  4459 | D:6      | 4459 ||| ACQUIRING +3 orcbow of flaming
  4459 | D:6      | Acquired a +3 orcbow of flaming
  4461 | D:6      | 4461 ||| SWAPPING to +3 orcbow of flaming.
  4462 | D:6      | 4462 ||| DROPPING +2 sling of draining.
  4463 | D:6      | 4463 ||| DRINKING 3 fuming orange potions.
  4547 | D:7      | Noticed a two-headed ogre
  4548 | D:7      | 4548 ||| INVOKING Heroism.
  4561 | D:7      | Killed a two-headed ogre
  4562 | D:7      | Reached skill level 10 in Ranged Weapons
  4660 | D:7      | Reached skill level 3 in Dodging
  4689 | D:7      | Reached *** piety under Okawaru
  5015 | D:7      | Reached XP level 10. HP: 56/63 MP: 13/13
  5037 | D:7      | 5037 ||| READING scroll of acquirement.
  5037 | D:7      | 5037 ||| ACQUIRING ring of Ru's Reproof {Contam AC+4 Str+5
                  | Int+3 Dex+2}
  5037 | D:7      | Acquired the ring of Ru's Reproof {Contam AC+4 Str+5 Int+3
                  | Dex+2}
  5039 | D:7      | 5039 ||| UPGRADING to ring of Ru's Reproof {Contam AC+4
                  | Str+5 Int+3 Dex+2}.
  5170 | D:8      | Reached skill level 11 in Ranged Weapons
  5172 | D:8      | 5172 ||| STAIRDANCE
  5175 | D:7      | 5175 ||| INVOKING Heroism.
  5225 | D:8      | Reached **** piety under Okawaru
  5261 | D:8      | Noticed a two-headed ogre
  5262 | D:8      | 5262 ||| INVOKING Heroism.
  5267 | D:8      | Killed a two-headed ogre
  5331 | D:8      | Reached skill level 12 in Ranged Weapons
  5376 | D:8      | Noticed a white ugly thing
  5385 | D:8      | 5385 ||| INVOKING Heroism.
  5389 | D:8      | Killed a white ugly thing
  5444 | D:8      | Noticed a deep elf pyromancer
  5450 | D:8      | 5450 ||| INVOKING Heroism.
  5477 | D:8      | 5477 ||| INVOKING Heroism.
  5481 | D:8      | Killed a deep elf pyromancer
  5482 | D:8      | Reached skill level 6 in Invocations
  5563 | D:8      | Noticed a boulder beetle
  5564 | D:8      | 5564 ||| INVOKING Heroism.
  5584 | D:8      | Killed a boulder beetle
  5585 | D:8      | Reached XP level 11. HP: 68/68 MP: 14/16
  5686 | D:8      | Reached ***** piety under Okawaru
  5709 | D:8      | Found a burning altar of Makhleb.
  5709 | D:8      | Noticed a green death
  5775 | D:8      | 5775 ||| DRINKING 4 potions of curing.
  5775 | D:8      | 5775 ||| (to cure confusion)
  6149 | D:9      | 6149 ||| Stepping ~*~*~tactically~*~*~ (outnumbered).
  6430 | D:9      | 6430 ||| INVOKING Heroism.
  6931 | D:10     | Entered Level 10 of the Dungeon
  6951 | D:10     | Found a staircase to the Lair.
  7026 | D:10     | Found a hazy altar of Hepliaklqana.
  7038 | D:10     | Noticed a two-headed ogre
  7038 | D:10     | 7038 ||| INVOKING Heroism.
  7041 | D:10     | Killed a two-headed ogre
  7072 | D:10     | 7072 ||| INVOKING Heroism.
  7237 | D:10     | Reached skill level 13 in Ranged Weapons
  7360 | D:10     | 7360 ||| INVOKING Heroism.
  7482 | D:10     | Identified the +5 long sword of Sopsi {protect, rPois Str+4
                  | Int-4 Stlth+}
  7510 | D:10     | Identified the +1 plate armour "Trusted Companion" {Harm
                  | rF+ Dex+3} (Okawaru gifted it to you on level 10 of the
                  | Dungeon)
  7510 | D:10     | Received a gift from Okawaru
  7629 | D:10     | 7629 ||| PLANNING LAIR
  7629 | D:10     | 7629 ||| DROPPING +0 ring mail.
  7630 | D:10     | 7630 ||| DROPPING scarf of harm.
  7631 | D:10     | 7631 ||| UPGRADING to +0 troll leather armour.
  7641 | D:10     | 7641 ||| DROPPING +1 robe of willpower.
  7642 | D:10     | 7642 ||| READING 2 scrolls of identify.
  7642 | D:10     | 7642 ||| IDENTIFYING blue potion
  7643 | D:10     | 7643 ||| DROPPING potion of ambrosia.
  7700 | Lair:1   | Entered Level 1 of the Lair of Beasts
  7709 | Lair:1   | Reached skill level 9 in Fighting
  7709 | Lair:1   | Reached skill level 9 in Invocations
  7710 | Lair:1   | 7710 ||| STAIRDANCE
  7719 | D:10     | 7719 ||| INVOKING Heroism.
  7845 | Lair:1   | 7845 ||| INVOKING Heroism.
  7937 | Lair:1   | Reached XP level 12. HP: 76/76 MP: 19/19
  7961 | Lair:1   | 7961 ||| INVOKING Heroism.
  8029 | Lair:1   | Reached skill level 14 in Ranged Weapons
  8169 | Lair:1   | 8169 ||| INVOKING Heroism.
  8369 | Lair:1   | 8369 ||| Stepping ~*~*~tactically~*~*~ (water).
  8391 | Lair:1   | Noticed an eight-headed hydra
  8392 | Lair:1   | 8392 ||| INVOKING Heroism.
  8398 | Lair:1   | Killed an eight-headed hydra
  8548 | Lair:1   | 8548 ||| UPGRADING to ring of see invisible.
  8550 | Lair:1   | 8550 ||| READING 2 scrolls of identify.
  8550 | Lair:1   | 8550 ||| IDENTIFYING white potion
  8568 | Lair:2   | 8568 ||| INVOKING Heroism.
  8588 | Lair:2   | 8588 ||| INVOKING Heroism.
  8635 | Lair:2   | 8635 ||| INVOKING Heroism.
  8673 | Lair:2   | 8673 ||| INVOKING Heroism.
  8704 | Lair:2   | 8704 ||| INVOKING Heroism.
  8769 | Lair:2   | 8769 ||| INVOKING Heroism.
  8801 | Lair:2   | Found a staircase to the Shoals.
  8822 | Lair:2   | Reached skill level 15 in Ranged Weapons
  8886 | Lair:2   | Noticed a skyshark
  8899 | Lair:2   | Killed a skyshark
  9409 | Lair:3   | Reached XP level 13. HP: 82/82 MP: 20/20
  9442 | Lair:3   | Identified the +1 crystal plate armour "Susizen" {rElec}
                  | (Okawaru gifted it to you on level 3 of the Lair of Beasts)
  9442 | Lair:3   | Received a gift from Okawaru
  9543 | Lair:3   | 9543 ||| INVOKING Heroism.
  9567 | Lair:3   | 9567 ||| Stepping ~*~*~tactically~*~*~ (outnumbered).
  9569 | Lair:3   | 9569 ||| Stepping ~*~*~tactically~*~*~ (outnumbered).
  9581 | Lair:3   | 9581 ||| INVOKING Heroism.
  9620 | Lair:3   | Found a staircase to the Snake Pit.
  9673 | Lair:3   | 9673 ||| INVOKING Heroism.
  9679 | Lair:3   | Reached skill level 16 in Ranged Weapons
  9763 | Lair:3   | 9763 ||| INVOKING Heroism.
  9929 | Lair:3   | 9929 ||| INVOKING Heroism.
 10020 | Lair:3   | 10020 ||| INVOKING Heroism.
 10612 | Lair:3   | 10612 ||| DROPPING ring of positive energy.
 10613 | Lair:3   | 10613 ||| DROPPING ring of protection from cold.
 10645 | Lair:4   | 10645 ||| STAIRDANCE
 10652 | Lair:3   | 10652 ||| INVOKING Heroism.
 10734 | Lair:4   | Reached skill level 6 in Dodging
 10742 | Lair:4   | 10742 ||| INVOKING Heroism.
 10797 | Lair:4   | 10797 ||| INVOKING Heroism.
 10825 | Lair:4   | 10825 ||| INVOKING Heroism.
 10840 | Lair:4   | You fall into a shaft and drop 1 floor!
 10840 | Lair:5   | Entered Level 5 of the Lair of Beasts
 10849 | Lair:5   | 10849 ||| INVOKING Finesse.
 10859 | Lair:5   | Reached skill level 12 in Fighting
 10881 | Lair:5   | HP: 17/86 [lindwurm (12)]
 10882 | Lair:5   | 10882 ||| READING 9 scrolls of teleportation.
 10882 | Lair:5   | Slain by a black mamba

Levels and vault maps discovered:
D:1:      heliophobic_arrival_ceremonial_halls, layout_rooms, serial_shops,
          nicolae_shop_tiny_waterfront, minmay_pentomino_u2
D:2:      layout_loops_cross, uniq_natasha, uniq_robin, uniq_crazy_yiuf_cottage
D:3:      layout_rooms, lemuel_crystal_altar, grunt_gozag_statues,
          gammafunk_ghost_grave, portal_sewer_entry_a
D:4:      layout_rooms, grunt_dithmenos_smoke_and_mirrors,
          mainiacjoe_overflow_catwalk, minmay_temple_entry_statues_fountains
D:5:      layout_basic, gammafunk_ghost_grave, patterned_corridor
D:6:      layout_loops_ring
D:7:      layout_basic, minmay_checkerbox
D:8:      layout_basic, makhleb_altar_promises_db, hangedman_minor_gate_pass
D:9:      layout_layer_cave
D:10:     layout_small_grid, mainiacjoe_overflow_brackets, lair_entry_dummy
Lair:1:   cheibrodos_lair_river_kwai, layout_regular_city, grunt_megastairs_3
Lair:2:   layout_small_grid, elwin_shoals_entry_rocks
Lair:3:   layout_layer_cave, nicolae_snake_entry_warm_welcome
Lair:4:   layout_loops_ring
Lair:5:   grunt_lair_end_beastmaster, layout_misc_corridors,
          nicolae_slime_entry_field_trip, grunt_megastairs_2,
          infiniplex_staircase_pool_2, serial_bayou_shore_b,
          lemuel_fruit_fields, uniq_urug

Skill      XL: |  1  2  3  4  5  6  7  8  9 10 11 12 13 |
---------------+----------------------------------------+-----
Ranged Weapons | 3 4 5 6 7 8 10 12 13 15 16 | 16.0
Fighting       | 2 3 4 5 7 8 9 10 12 | 12.0
Armour         | 3 4 5 |  5.8
Invocations    | 4 7 10 | 10.0
Dodging        | 2 3 4 5 6 |  6.0
Spellcasting   | |  1.0
Hexes          | |  2.6

Action                     |  1- 3 |  4- 6 |  7- 9 | 10-12 | 13-15 || total
---------------------------+-------+-------+-------+-------+-------++-------
   Fire: Sling             |   108 |   180 |   311 |       |       ||   599
         Orcbow            |       |       |    68 |   682 |   266 ||  1016
 Invoke: Heroism           |       |       |     6 |    21 |    10 ||    37
         Finesse           |       |       |       |       |     1 ||     1
    Use: Scroll            |     3 |     4 |     8 |     3 |     1 ||    19
         Potion            |     1 |     2 |     3 |     1 |       ||     7
 Armour: Robe              |    25 |     5 |    48 |    74 |       ||   152
         Ring mail         |       |    50 |    75 |       |       ||   125
         Troll leather arm |       |       |       |    81 |   157 ||   238
  Dodge: Dodged            |    42 |    96 |   162 |   225 |   304 ||   829

Table legend:
 A = Non-vault XP
 B = Vault XP
 C = Vault XP percentage of total XP
 D = Non-vault monster count
 E = Vault monster count
 F = Vault count percentage of total count
                 A         B        C        D         E       F
            +---------+---------+-------+---------+---------+-------
      Total |   39846 |    7557 |  15.9 |     303 |      85 |  21.9
            +---------+---------+-------+---------+---------+-------
        D:1 |      28 |      33 |  54.1 |      15 |      11 |  42.3
        D:2 |     268 |      43 |  13.8 |      16 |       5 |  23.8
        D:3 |      58 |      18 |  23.7 |      16 |       5 |  23.8
        D:4 |     702 |       0 |   0.0 |      29 |       0 |   0.0
        D:5 |     661 |       0 |   0.0 |      17 |       0 |   0.0
        D:6 |     547 |       0 |   0.0 |      19 |       0 |   0.0
        D:7 |    2348 |     270 |  10.3 |      16 |       4 |  20.0
        D:8 |    2761 |    2585 |  48.4 |      26 |       8 |  23.5
        D:9 |    1003 |       0 |   0.0 |      30 |       0 |   0.0
       D:10 |    3958 |       0 |   0.0 |      19 |       0 |   0.0
     Lair:1 |    4751 |    3567 |  42.9 |      19 |      13 |  40.6
     Lair:2 |    6553 |       0 |   0.0 |      26 |       0 |   0.0
     Lair:3 |    9519 |     742 |   7.2 |      28 |       5 |  15.2
     Lair:4 |    4468 |       0 |   0.0 |      20 |       0 |   0.0
     Lair:5 |    2221 |       0 |   0.0 |       7 |       0 |   0.0
      Sewer |       0 |     299 | 100.0 |       0 |      34 | 100.0
            +---------+---------+-------+---------+---------+-------
